| TOP OF THE 1ST |
|
University of Toronto Marlies batting - Pitching for Rice University Owls : RHP Frank Renteria
|
|
Pitching: RHP Frank Renteria
|
|
|
Batting: RHB Charlie Townend
|
0-0: Ball 1-0: Foul Ball, location: 2F 1-1: Foul Ball, location: 2F 1-2: Strikes out swinging
|
|
Batting: RHB Ryan Martin
|
0-0: Called Strike 0-1: Ball 1-1: Ball 2-1: Fly out, F8 (Flyball, 8LS, EV 76.2 MPH)
|
|
Batting: SHB Conrade Gordon
|
0-0: Ball 1-0: Ball 2-0: Ball 3-0: Base on Balls
|
|
Batting: RHB Todd Maybury
|
0-0: Called Strike 0-1: Foul Ball, location: 2F 0-2: Ball 1-2: Ball 2-2: Strikes out swinging
|
| Top of the 1st over - 0 runs, 0 hits, 0 errors, 1 left on base; University of Toronto 0 - Rice University 0 |
| BOTTOM OF THE 1ST |
|
Rice University Owls batting - Pitching for University of Toronto Marlies : RHP Brad Cannell
|
|
Pitching: RHP Brad Cannell
|
|
|
Batting: LHB Chris Gonzales
|
0-0: Foul Ball, location: 2F 0-1: Ball 1-1: Foul Ball, location: 2F 1-2: Foul Ball, location: 2F 1-2: Ball 2-2: Foul Ball, location: 2F 2-2: Ball 3-2: Strikes out looking
|
|
Batting: RHB Javier Quinones
|
0-0: Ball 1-0: Swinging Strike 1-1: Ball 2-1: Ball 3-1: Fly out, F7 (Flyball, 7LM, EV 86.9 MPH)
|
|
Batting: RHB Jose Soto
|
0-0: Ball 1-0: Ball 2-0: Foul Ball, location: 2F 2-1: Ball 3-1: Fly out, F8 (Flyball, 8LXD, EV 108.8 MPH)
|
| Bottom of the 1st over - 0 runs, 0 hits, 0 errors, 0 left on base; University of Toronto 0 - Rice University 0 |
| TOP OF THE 2ND |
|
University of Toronto Marlies batting - Pitching for Rice University Owls : RHP Frank Renteria
|
|
Batting: RHB Aaron Knight
|
0-0: Ball 1-0: Ball 2-0: Ball 3-0: Called Strike 3-1: SINGLE (Groundball, P, EV 84.4 MPH) (infield hit)
|
|
Batting: RHB Steve Campeau
|
0-0: Ball 1-0: Swinging Strike 1-1: Swinging Strike 1-2: Ball 2-2: Strikes out looking
|
|
Batting: SHB Jake Seymour
|
0-0: Ball 1-0: Ball 2-0: Called Strike 2-1: Ball 3-1: Base on Balls Aaron Knight to second
|
|
Batting: RHB John Wilson
|
0-0: Ball 1-0: Called Strike 1-1: Ball 2-1: Fly out, F4 (Popup, 34, EV 73.8 MPH)
|
|
Batting: RHB Kevin McGaughey
|
0-0: Called Strike 0-1: Swinging Strike 0-2: Strikes out looking and he ARGUES THE CALL AND IS TOSSED!
|
| Top of the 2nd over - 0 runs, 1 hit, 0 errors, 2 left on base; University of Toronto 0 - Rice University 0 |
| BOTTOM OF THE 2ND |
|
Rice University Owls batting - Pitching for University of Toronto Marlies : RHP Brad Cannell
|
|
Now in RF: Mitch Melton
|
|
|
Batting: SHB Ken Wilson
|
0-0: Ball 1-0: Foul Ball, location: 2F 1-1: Ball 2-1: Fly out, F7 (Flyball, 78M, EV 96.2 MPH)
|
|
Batting: RHB Neil Worth
|
0-0: Ball 1-0: Ball 2-0: Foul Ball, location: 2F 2-1: Ball 3-1: Ground out 6-3 (Groundball, 6, EV 95.6 MPH)
|
|
Batting: RHB Bill Turcotte
|
0-0: Ball 1-0: Ball 2-0: Ball 3-0: Base on Balls
|
|
Batting: RHB Allen Jarvis
|
0-0: Ball 1-0: Swinging Strike 1-1: Foul Ball, location: 2F 1-2: Strikes out looking
|
| Bottom of the 2nd over - 0 runs, 0 hits, 0 errors, 1 left on base; University of Toronto 0 - Rice University 0 |
| TOP OF THE 3RD |
|
University of Toronto Marlies batting - Pitching for Rice University Owls : RHP Frank Renteria
|
|
Batting: RHB Charlie Townend
|
0-0: Ball 1-0: Ball 2-0: Foul Ball, location: 2F 2-1: Foul Ball, location: 2F 2-2: Ball 3-2: Foul Ball, location: 2F 3-2: Foul Ball, location: 2F 3-2: Base on Balls
|
|
Batting: RHB Ryan Martin
|
0-0: Called Strike 0-1: Called Strike 0-2: Ball 1-2: Strikes out swinging
|
|
Batting: SHB Conrade Gordon
|
0-0: Ball 1-0: Foul Ball, location: 2F 1-1: Ball 2-1: Foul Ball, location: 2F 2-2: Fly out, F4 (Line Drive, 34, EV 66.9 MPH)
|
|
Batting: RHB Todd Maybury
|
0-0: Called Strike 0-1: Ground out 4-3 (Groundball, 4, EV 85.6 MPH)
|
| Top of the 3rd over - 0 runs, 0 hits, 0 errors, 1 left on base; University of Toronto 0 - Rice University 0 |
| BOTTOM OF THE 3RD |
|
Rice University Owls batting - Pitching for University of Toronto Marlies : RHP Brad Cannell
|
|
Batting: RHB Emanuel Pulido
|
0-0: Ball 1-0: Called Strike 1-1: Ball 2-1: Ball 3-1: Foul Ball, location: 2F 3-2: Foul Ball, location: 2F 3-2: Foul Ball, location: 2F 3-2: SINGLE (Groundball, 6D, EV 109.4 MPH)
|
|
Batting: RHB Frank Renteria
|
0-0: SINGLE (Line Drive, 8RS, EV 86.2 MPH) Emanuel Pulido to second
|
|
Batting: LHB Chris Gonzales
|
0-0: Ball 1-0: Swinging Strike 1-1: Ball 2-1: Called Strike 2-2: Foul Ball, location: 2F 2-2: SINGLE (Line Drive, 7S, EV 107.5 MPH) Emanuel Pulido to third Frank Renteria to second
|
|
Batting: RHB Javier Quinones
|
0-0: SINGLE (Groundball, 6D, EV 106.9 MPH) Emanuel Pulido scores Frank Renteria to third Chris Gonzales to second Runner from 3rd tries for Home, SAFE, throw by LF to home
|
|
Batting: RHB Jose Soto
|
0-0: Ball 1-0: Ball 2-0: Swinging Strike 2-1: Swinging Strike 2-2: SINGLE (Groundball, 4MD, EV 98.8 MPH) Chris Gonzales to third Javier Quinones to second
|
|
Batting: SHB Ken Wilson
|
0-0: Ball 1-0: Ball 2-0: Swinging Strike 2-1: Foul Ball, location: 2F 2-2: Foul Ball, location: 2F 2-2: Foul Ball, location: 2F 2-2: Foul Ball, location: 2F 2-2: SINGLE (Flyball, 6D, EV 85.0 MPH) Chris Gonzales scores Javier Quinones to third Jose Soto to second
|
|
Batting: RHB Neil Worth
|
0-0: Ball 1-0: Ball 2-0: Called Strike 2-1: Foul Ball, location: 2F 2-2: Strikes out swinging
|
|
Batting: RHB Bill Turcotte
|
0-0: Ball 1-0: Swinging Strike 1-1: Ball 2-1: Called Strike 2-2: Ball 3-2: Strikes out looking
|
|
Batting: RHB Allen Jarvis
|
0-0: Foul Ball, location: 2F 0-1: Fielders Choice at 2nd, 5-4 (Groundball, 5L, EV 104.4 MPH)
|
| Bottom of the 3rd over - 3 runs, 6 hits, 0 errors, 3 left on base; University of Toronto 0 - Rice University 3 |
| TOP OF THE 4TH |
|
University of Toronto Marlies batting - Pitching for Rice University Owls : RHP Frank Renteria
|
|
Batting: RHB Aaron Knight
|
0-0: Ball 1-0: Ground out 6-3 (Groundball, 6S, EV 85.0 MPH)
|
|
Batting: RHB Steve Campeau
|
0-0: Ball 1-0: Ground out 6-3 (Groundball, 56, EV 76.2 MPH)
|
|
Batting: SHB Jake Seymour
|
0-0: Called Strike 0-1: Ball 1-1: Ground out 6-3 (Groundball, 6S, EV 88.8 MPH)
|
| Top of the 4th over - 0 runs, 0 hits, 0 errors, 0 left on base; University of Toronto 0 - Rice University 3 |
| BOTTOM OF THE 4TH |
|
Rice University Owls batting - Pitching for University of Toronto Marlies : RHP Brad Cannell
|
|
Batting: RHB Emanuel Pulido
|
0-0: Ball 1-0: SINGLE (Line Drive, 34D, EV 98.8 MPH)
|
|
Batting: RHB Frank Renteria
|
0-0: Foul Ball, location: 2F 0-1: Foul Ball, location: 2F 0-2: Ball 1-2: Ball 2-2: Fielders Choice at 2nd, 6-4 (Groundball, 6, EV 85.0 MPH)
|
|
Batting: LHB Chris Gonzales
|
0-0: Called Strike 0-1: Ball 1-1: Ball 2-1: Fly out, F9 (Flyball, 89M, EV 83.1 MPH)
|
|
Pitching: RHP Mike McDonald
|
|
|
Batting: RHB Javier Quinones
|
0-0: Fly out, F8 (Flyball, 8LM, EV 91.9 MPH)
|
| Bottom of the 4th over - 0 runs, 1 hit, 0 errors, 1 left on base; University of Toronto 0 - Rice University 3 |
| TOP OF THE 5TH |
|
University of Toronto Marlies batting - Pitching for Rice University Owls : RHP Frank Renteria
|
|
Batting: RHB John Wilson
|
0-0: Ball 1-0: Ball 2-0: Ground out 1-3 (Groundball, 15S, EV 73.1 MPH)
|
|
Batting: LHB Mitch Melton
|
0-0: Ground out 3-1 (Groundball, 34, EV 102.5 MPH)
|
|
Batting: RHB Charlie Townend
|
0-0: Fly out, F4 (Popup, 13S, EV 85.6 MPH)
|
| Top of the 5th over - 0 runs, 0 hits, 0 errors, 0 left on base; University of Toronto 0 - Rice University 3 |
| BOTTOM OF THE 5TH |
|
Rice University Owls batting - Pitching for University of Toronto Marlies : RHP Mike McDonald
|
|
Batting: RHB Jose Soto
|
0-0: Called Strike 0-1: Ball 1-1: Swinging Strike 1-2: Ball 2-2: Strikes out looking
|
|
Batting: SHB Ken Wilson
|
0-0: Foul Ball, location: 2F 0-1: Foul Ball, location: 2F 0-2: Ball 1-2: Foul Ball, location: 2F 1-2: Fly out, F6 (Popup, 6, EV 53.1 MPH)
|
|
Batting: RHB Neil Worth
|
0-0: Ball 1-0: Ball 2-0: Foul Ball, location: 2F 2-1: Swinging Strike 2-2: Ball 3-2: Base on Balls
|
|
Batting: RHB Bill Turcotte
|
0-0: Ball 1-0: Called Strike 1-1: Fielders Choice at 2nd, U4 (Groundball, 4M, EV 91.9 MPH)
|
| Bottom of the 5th over - 0 runs, 0 hits, 0 errors, 1 left on base; University of Toronto 0 - Rice University 3 |
| TOP OF THE 6TH |
|
University of Toronto Marlies batting - Pitching for Rice University Owls : RHP Frank Renteria
|
|
Batting: RHB Ryan Martin
|
0-0: Foul Ball, location: 2F 0-1: Ball 1-1: Foul Ball, location: 2F 1-2: Ground out 5-3 (Groundball, 5, EV 90.6 MPH)
|
|
Batting: SHB Conrade Gordon
|
0-0: Ball 1-0: Ball 2-0: Ball 3-0: Called Strike 3-1: Base on Balls
|
|
Batting: RHB Todd Maybury
|
0-0: Ball 1-0: Fielders Choice at 2nd, 5-4 (Groundball, 56S, EV 80.0 MPH)
|
|
Batting: RHB Aaron Knight
|
0-0: Ball 1-0: Fielders Choice at 2nd, 5-4 (Groundball, 5, EV 86.9 MPH)
|
| Top of the 6th over - 0 runs, 0 hits, 0 errors, 1 left on base; University of Toronto 0 - Rice University 3 |
| BOTTOM OF THE 6TH |
|
Rice University Owls batting - Pitching for University of Toronto Marlies : RHP Mike McDonald
|
|
Batting: RHB Allen Jarvis
|
0-0: Ball 1-0: Ball 2-0: Ball 3-0: Called Strike 3-1: Called Strike 3-2: Fly out, F5 (Flyball, 5D, EV 86.2 MPH)
|
|
Batting: RHB Emanuel Pulido
|
0-0: Foul Ball, location: 2F 0-1: Foul Ball, location: 2F 0-2: Ground out 6-3 (Groundball, 6, EV 87.5 MPH)
|
|
Batting: RHB Frank Renteria
|
0-0: Foul Ball, location: 2F 0-1: Foul Ball, location: 2F 0-2: Foul Ball, location: 2F 0-2: Strikes out swinging
|
| Bottom of the 6th over - 0 runs, 0 hits, 0 errors, 0 left on base; University of Toronto 0 - Rice University 3 |
| TOP OF THE 7TH |
|
University of Toronto Marlies batting - Pitching for Rice University Owls : RHP Frank Renteria
|
|
Batting: RHB Steve Campeau
|
0-0: Ball 1-0: Ball 2-0: Foul Ball, location: 2F 2-1: Called Strike 2-2: Ball 3-2: Ground out 4-3 (Groundball, 4, EV 106.2 MPH)
|
|
Pitching: RHP Ben Filippone
|
|
|
Batting: SHB Jake Seymour
|
0-0: Swinging Strike 0-1: Ball 1-1: SINGLE (Flyball, 5D, EV 96.9 MPH)
|
|
Batting: RHB John Wilson
|
0-0: Ball 1-0: Ball 2-0: Ball 3-0: Called Strike 3-1: Base on Balls Jake Seymour to second
|
|
Batting: LHB Mitch Melton
|
0-0: Ball 1-0: Ball 2-0: Ball 3-0: Called Strike 3-1: Base on Balls Jake Seymour to third John Wilson to second
|
|
Batting: RHB Charlie Townend
|
0-0: Foul Ball, location: 2F 0-1: SINGLE (Groundball, 34D, EV 108.8 MPH) Jake Seymour scores John Wilson to third Mitch Melton to second
|
|
Batting: RHB Ryan Martin
|
0-0: Swinging Strike 0-1: Called Strike 0-2: Ball 1-2: Ball 2-2: Ball 3-2: Base on Balls John Wilson scores Mitch Melton to third Charlie Townend to second
|
|
Batting: SHB Conrade Gordon
|
0-0: Ball 1-0: Ball 2-0: Ball 3-0: Base on Balls Mitch Melton scores Charlie Townend to third Ryan Martin to second
|
|
Pitching: RHP Michael Benford
|
|
|
Batting: RHB Todd Maybury
|
0-0: Ball 1-0: Ball 2-0: Ball 3-0: Base on Balls Charlie Townend scores Ryan Martin to third Conrade Gordon to second
|
|
Batting: RHB Aaron Knight
|
0-0: Called Strike 0-1: Grounds into fielders choice 4-2 (Groundball, 34, EV 81.2 MPH) Conrade Gordon to third Todd Maybury to second
|
|
Batting: RHB Steve Campeau
|
0-0: Fly out, F9 (Line Drive, 89M, EV 97.5 MPH)
|
| Top of the 7th over - 4 runs, 2 hits, 0 errors, 3 left on base; University of Toronto 4 - Rice University 3 |
| BOTTOM OF THE 7TH |
|
Rice University Owls batting - Pitching for University of Toronto Marlies : RHP Mike McDonald
|
|
Pitching: RHP Mario Cumplido
|
|
|
Batting: LHB Chris Gonzales
|
0-0: Called Strike 0-1: Ball 1-1: Ball 2-1: Foul Ball, location: 2F 2-2: Ball 3-2: SINGLE (Flyball, 7S, EV 95.0 MPH)
|
|
Batting: RHB Javier Quinones
|
0-0: Called Strike Chris Gonzales steals 2nd base (no throw) 0-1: Swinging Strike 0-2: SINGLE (Groundball, 56D, EV 101.9 MPH) Chris Gonzales to third Runner from 3rd tries for Home, SAFE, throw by LF to home
|
|
Batting: RHB Jose Soto
|
0-0: Foul Ball, location: 2F 0-1: Grounds into double play, 4-6-3 (Groundball, 4, EV 91.2 MPH)
|
|
Batting: SHB Ken Wilson
|
0-0: Called Strike 0-1: Swinging Strike 0-2: Strikes out swinging
|
| Bottom of the 7th over - 1 run, 2 hits, 0 errors, 0 left on base; University of Toronto 4 - Rice University 4 |
| TOP OF THE 8TH |
|
University of Toronto Marlies batting - Pitching for Rice University Owls : RHP Michael Benford
|
|
Batting: SHB Jake Seymour
|
0-0: Ball 1-0: Ball 2-0: Foul Ball, location: 2F 2-1: Ball 3-1: Foul Ball, location: 2F 3-2: Base on Balls
|
|
Batting: RHB John Wilson
|
0-0: Bunted foul 0-1: Ball 1-1: Bunted foul 1-2: Ball 2-2: Strikes out swinging
|
|
Batting: LHB Mitch Melton
|
0-0: Ball Wild Pitch! Jake Seymour to second 1-0: Called Strike 1-1: Ball 2-1: Ball 3-1: Base on Balls
|
|
Batting: RHB Charlie Townend
|
0-0: Ball 1-0: Swinging Strike 1-1: Called Strike 1-2: Reached on error, E5 (Groundball, 56S, EV 81.2 MPH) Jake Seymour to third Mitch Melton to second
|
|
Pitching: RHP Dejenie Mensah
|
|
|
Batting: RHB Ryan Martin
|
0-0: Ball 1-0: Foul Ball, location: 2F 1-1: Foul Ball, location: 2F 1-2: DOUBLE (Flyball, 8LXD, EV 108.1 MPH) Jake Seymour scores Mitch Melton scores Charlie Townend to third
|
|
Batting: SHB Conrade Gordon
|
0-0: Called Strike 0-1: Ball 1-1: Swinging Strike 1-2: Ground out 6-3 (Groundball, P, EV 85.6 MPH) Charlie Townend scores Ryan Martin to third
|
|
Batting: RHB Todd Maybury
|
0-0: Ground out U3 (Groundball, 3, EV 76.2 MPH)
|
| Top of the 8th over - 3 runs, 1 hit, 1 error, 1 left on base; University of Toronto 7 - Rice University 4 |
| BOTTOM OF THE 8TH |
|
Rice University Owls batting - Pitching for University of Toronto Marlies : RHP Mario Cumplido
|
|
Pitching: RHP Gui Xú
|
|
|
Batting: RHB Neil Worth
|
0-0: Ball 1-0: Called Strike 1-1: Ball 2-1: Ball 3-1: Called Strike 3-2: Strikes out looking
|
|
Batting: RHB Bill Turcotte
|
0-0: Called Strike 0-1: Foul Ball, location: 2F 0-2: Ball 1-2: Ball 2-2: Fly out, F9 (Flyball, 89M, EV 81.9 MPH)
|
|
Batting: RHB Allen Jarvis
|
0-0: Ball 1-0: Foul Ball, location: 2F 1-1: Ball 2-1: Called Strike 2-2: Strikes out swinging
|
| Bottom of the 8th over - 0 runs, 0 hits, 0 errors, 0 left on base; University of Toronto 7 - Rice University 4 |
| TOP OF THE 9TH |
|
University of Toronto Marlies batting - Pitching for Rice University Owls : RHP Dejenie Mensah
|
|
Batting: RHB Aaron Knight
|
0-0: Ball 1-0: Foul Ball, location: 2F 1-1: Fly out, F9 (Flyball, 9S, EV 92.5 MPH)
|
|
Batting: RHB Steve Campeau
|
0-0: Ball 1-0: Ball 2-0: Called Strike 2-1: Swinging Strike 2-2: Fly out, F8 (Flyball, 8RXD, EV 98.8 MPH)
|
|
Batting: SHB Jake Seymour
|
0-0: Ball 1-0: Foul Ball, location: 2F 1-1: Ball 2-1: Ball 3-1: Foul Ball, location: 2F 3-2: Fly out, F8 (Flyball, 8RS, EV 79.4 MPH)
|
| Top of the 9th over - 0 runs, 0 hits, 0 errors, 0 left on base; University of Toronto 7 - Rice University 4 |
| BOTTOM OF THE 9TH |
|
Rice University Owls batting - Pitching for University of Toronto Marlies : RHP Gui Xú
|
|
Pitching: RHP Sun-dong Su
|
|
|
Batting: RHB Emanuel Pulido
|
0-0: Ground out U3 (Groundball, 34S, EV 88.8 MPH)
|
|
Batting: SHB Dave Van Sickle
|
0-0: Ball 1-0: Ball 2-0: Ball 3-0: Base on Balls
|
|
Batting: LHB Chris Gonzales
|
0-0: Ball 1-0: Foul Ball, location: 2F 1-1: Swinging Strike 1-2: Fly out, F8 (Flyball, 8LM, EV 87.5 MPH)
|
|
Batting: RHB Javier Quinones
|
0-0: Ball 1-0: Fly out, F9 (Flyball, 9D, EV 95.0 MPH)
|
| Bottom of the 9th over - 0 runs, 0 hits, 0 errors, 1 left on base; University of Toronto 7 - Rice University 4 |
|